 Dungeon Crawl Stone Soup version 0.27-a0-1347-gd8886f0a89 (webtiles) character file.

Game seed: 3301147634465297033

112 Sweetruy1997 the Chopper (level 4, -5/40 HPs)
             Began as a Hill Orc Monk on June 27, 2021.
             Killed from afar by an orc wizard (9 damage)
             ... with a magic dart
             ... on level 3 of the Dungeon.
             The game lasted 00:05:04 (1675 turns).

Sweetruy1997 the Chopper (Hill Orc Monk)            Turns: 1675, Time: 00:05:06

Health: -5/40      AC:  9    Str: 13    XL:     4   Next: 93%
Magic:  4/4        EV:  6    Int: 10    God:
Gold:   77         SH:  0    Dex: 14    Spells: 3/3 levels left

rFire    . . .     SeeInvis .   a - +1 hand axe
rCold    . . .     Faith    .   (no shield)
rNeg     . . .     Spirit   .   g - +0 chain mail
rPois    .         Reflect  .   f - +0 helmet
rElec    .         Harm     .   (no cloak)
rCorr    .         Rampage  .   (no gloves)
Will     .....                  (no boots)
Stlth    ..........             (no amulet)
HPRegen  0.13/turn              (no ring)
MPRegen  0.09/turn              (no ring)

@: no status effects
A: no striking features
a: no special abilities


You were on level 3 of the Dungeon.
You visited 1 branch of the dungeon, and saw 3 of its levels.

You collected 77 gold pieces.

Inventory:

Hand Weapons
 a - a +1 hand axe (weapon)
Missiles
 c - 30 poisoned darts
 d - 6 boomerangs (quivered)
Armour
 f - a +0 helmet (worn)
 g - a +0 chain mail (worn)
Scrolls
 b - a scroll of fog


   Skills:
 - Level 4.0 Fighting
 + Level 5.8 Axes
 - Level 1.0 Throwing
 + Level 1.2 Armour
 + Level 2.7 Dodging
 + Level 1.8 Stealth


You had 3 spell levels left.
You didn't know any spells.
Your spell library was empty.

Dungeon Overview and Level Annotations

Branches:
Dungeon (3/15)

Altars:
Uskayaw


Message History

The bat hits you but does no damage.
You hear some strange, mumbled words.
You are confused.
You bump into the rock wall.
The bat hits you. Something hits you but does no damage.
You bump into the rock wall.
The orc hits you with a +0 short sword.
* * * LOW HITPOINT WARNING * * *
You hear some strange, mumbled words.
A magic dart appears from out of thin air!
The magic dart hits you.
* * * LOW HITPOINT WARNING * * *
You're too confused to move!
The orc hits you but does no damage. Something hits you.
* * * LOW HITPOINT WARNING * * *
You bump into the rock wall.
The orc hits you but does no damage. Something hits you but does no damage.
You bump into the rock wall.
The orc barely misses you.
You hear some strange, mumbled words.
Something tries to affect you, but you resist.
You bump into the rock wall.
The orc hits you but does no damage. Something hits you but does no damage.
You slash the orc!
You kill the orc!
You hit something but do no damage.
You feel less confused. The bat barely misses you.
Something hits you but does no damage.
You barely miss something. The bat hits you but does no damage.
Something hits you but does no damage.
You miss something. The bat hits you but does no damage.
Something hits you but does no damage. The bat hits you but does no damage.
You hit something but do no damage. You hit the bat but do no damage.
The bat hits you but does no damage. Something hits you.
* * * LOW HITPOINT WARNING * * *
You hit the bat.
You kill the bat!
You hit something but do no damage.
You hear some strange, mumbled words.
A magic dart appears from out of thin air!
The magic dart hits you!
You die...

# ..### .# . #..<#
.... #.#.# ...#
.... .... #..#####
..... ..###
#...... ..... #
..# ##.#.# ......
#.#
##....####...... #
#.#
###.....##@{h.....
###.#
#...##...#)#......
....###.####.#..K#
..... ##...)..#
#.....# ....
#....### ####...#
### #.#### #.....
...# ........ ####
...#...(..#
#....#.....#


You could see a jackal and a kobold.

Vanquished Creatures
  5 adders (D:2)
  A worm (D:2)
  A dart slug (D:1)
  5 orcs (D:3)
  5 ball pythons
  5 endoplasms
  3 giant cockroaches
  5 goblins
  5 hobgoblins
  10 jackals
  A quokka (D:1)
  5 bats
  A frilled lizard (D:1)
  2 rats
54 creatures vanquished.

Notes
Turn   | Place    | Note
-------+----------+-------------------------------------------
     0 | D:1      | Sweetruy1997 the Hill Orc Monk began the quest for the Orb.
     0 | D:1      | Reached XP level 1. HP: 19/19 MP: 1/1
    76 | D:1      | Reached XP level 2. HP: 25/27 MP: 2/2
   395 | D:1      | Reached XP level 3. HP: 33/33 MP: 3/3
   810 | D:2      | Reached skill level 1 in Throwing
   899 | D:2      | Reached skill level 5 in Axes
  1033 | D:2      | Found a hide-covered altar of Uskayaw.
  1090 | D:2      | Found a faded altar of an unknown god.
  1099 | D:2      | Reached XP level 4. HP: 38/40 MP: 4/4
  1647 | D:3      | Reached skill level 1 in Armour
  1675 | D:3      | Killed from afar by an orc wizard

Illustrated notes

Levels and vault maps discovered:
D:1:      dpeg_arrival_tiny_j, layout_rooms, grunt_decor_cap
D:2:      layout_rooms, hellmonk_ecumenical_altar_arch_garden, basic_altar
D:3:      layout_rooms, portal_sewer_entry_a, uniq_grinder

Skill      XL: |  1  2  3  4 |
---------------+-------------+-----
Fighting       | 4 |  4.0
Throwing       | 1 |  1.0
Axes           | 5 |  5.8
Armour         | 1 |  1.2
Dodging        | |  2.7
Stealth        | |  1.8

Action                   |  1- 3 |  4- 6 || total
-------------------------+-------+-------++-------
Melee: Hand axe          |    56 |    60 ||   116
Throw: Boomerang         |    52 |    30 ||    82
       Dart              |     3 |       ||     3
  Use: Scroll            |     2 |     2 ||     4
       Potion            |       |     1 ||     1
Armor: Robe              |     6 |       ||     6
       Chain mail        |    18 |    92 ||   110
Dodge: Dodged            |    29 |    26 ||    55

Table legend: (Time is in decaauts)
 A = Elapsed time spent in this place.
 B = Non-inter-level travel time spent in this place.
 C = Inter-level travel time spent in this place.
 D = Time resting spent in this place.
 E = Time spent auto-exploring this place.
 F = Levels seen in this place.
 G = Mean time per level.
                   A        B        C        D        E       F      G
               +--------+--------+--------+--------+--------+-----+--------+
         Total |   1701 |   1630 |     71 |    267 |    965 |   3 |  567.0 |
       Dungeon |   1701 |   1630 |     71 |    267 |    965 |   3 |  567.0 |
               +--------+--------+--------+--------+--------+-----+--------+

Top non-repeatable levels by time:
     D:1: 811 daAuts
     D:2: 804 daAuts
     D:3: 86 daAuts
